 Dungeon Crawl Stone Soup version 0.31-a0-1074-g0b22e4e0f1 (webtiles) character file.

Game seed: 5458527972444104180

435044 tbh1313 the Executioner (level 22, -3/211 HPs)
             Began as a Minotaur Berserker on Dec 4, 2023.
             Was the Champion of Trog.
             Slain by a deep elf blademaster
             ... wielding a +1 antimagic rapier
              (15 damage)
             ... on level 2 of the Elven Halls on Dec 7, 2023.
             The game lasted 02:12:54 (46562 turns).

tbh1313 the Executioner (Minotaur Berserker)       Turns: 46562, Time: 02:12:55

Health: -3/211     AC: 33    Str: 33    XL:     22   Next: 59%
Magic:  0/21       EV: 28    Int:  8    God:    Trog [******]
Gold:   5291       SH: 24    Dex: 23    Spells: 21/21 levels left

rFire   + . .        a - +6 broad axe of Chagrin {flame, rC+ rCorr Str-2 Dex+3}
rCold   + + +        j - +2 kite shield {AC+3}
rNeg    + + .        e - +1 plate armour of a bazaar {rC+ Regen+ Dex+3}
rPois   +            q - +1 hat {Stlth+}
rElec   .            u - scarf {rC+ rF+}
rCorr   +            S - +2 pair of gloves
SInv    .            W - +0 pair of boots "Cynwen" {rPois}
Will    +....        U - amulet of reflection Stlth
                     V - ring "Xieshua" {AC+4 Str+4 Dex+6}
HPRegen 1.35/turn    P - ring "Ekofeenu" {Drain rN++ EV+5 Str+3}
MPRegen 0.17/turn

%: reflection
@: about to teleport, studying 2 skills
A: horns 2, retaliatory headbutt
}: 3/15 runes: serpentine, barnacled, silver
a: Renounce Religion, Berserk, Trog's Hand, Brothers in Arms


You were on level 2 of the Elven Halls.
You worshipped Trog.
Trog was exalted by your worship.
You visited 8 branches of the dungeon, and saw 39 of its levels.
You visited the Abyss 1 time.
You also visited: Bailey.

You collected 6009 gold pieces.
You spent 718 gold pieces at shops.

Inventory:

Hand Weapons
 a - the +6 broad axe of Chagrin (weapon) {flame, rC+ rCorr Str-2 Dex+3}
   (You found it on level 10 of the Dungeon)

   Str-2:     It affects your strength (-2).
   Dex+3:     It affects your dexterity (+3).
   rC+:       It protects you from cold.
   rCorr:     It protects you from acid and corrosion.
 b - a +3 vampiric morningstar
Missiles
 H - 12 throwing nets
Armour
 c - the +3 pair of mountain boots {steadfast, rC+}
   (You found it on level 5 of the Vaults)

   Steadfast: It prevents involuntary movement, except for blinking,
   teleportation, or banishment.
   rC+:       It protects you from cold.
 e - the +1 plate armour of a bazaar (worn) {rC+ Regen+ Dex+3}
   (You found it on level 5 of the Lair of Beasts)

   Dex+3:     It affects your dexterity (+3).
   rC+:       It protects you from cold.
   Regen+:    It increases your rate of health regeneration.
 j - a +2 kite shield of protection (worn)
 q - a +1 hat of stealth (worn)
 u - a scarf of resistance (worn)
 F - +0 gold dragon scales
 S - a +2 pair of gloves (worn)
 W - the +0 pair of boots "Cynwen" (worn) {rPois}
   (You found it on level 4 of the Vaults)

   rPois:     It protects you from poison
Jewellery
 o - a ring of see invisible
 t - a +5 ring of evasion
 y - a ring of poison resistance
 B - a ring of positive energy
 G - a ring of protection from fire
 N - a +6 ring of strength
 P - the ring "Ekofeenu" (right hand) {Drain rN++ EV+5 Str+3}
   (You took it off a vault warden on level 4 of the Vaults)

   [ring of evasion]

   EV+5:      It affects your evasion (+5).
   Str+3:     It affects your strength (+3).
   rN++:      It greatly protects you from negative energy.
   Drain:     It drains your maximum health when unequipped.
 U - an amulet of reflection (around neck)
 V - the ring "Xieshua" (left hand) {AC+4 Str+4 Dex+6}
   (You took it off a merfolk siren on level 4 of the Shoals)

   [ring of protection]

   AC+4:      It affects your AC (+4).
   Str+4:     It affects your strength (+4).
   Dex+6:     It affects your dexterity (+6).
 X - an amulet of magic regeneration
 Z - a ring of fire
Wands
 i - a wand of charming (10)
 v - a wand of light (7)
 C - a wand of flame (34)
 Y - a wand of polymorph (10)
Scrolls
 g - 3 scrolls of poison
 l - 2 scrolls of revelation
 p - 6 scrolls of fear
 s - 4 scrolls of teleportation
 w - 14 scrolls of enchant weapon
 x - 5 scrolls of brand weapon
 A - 4 scrolls of vulnerability
 K - 2 scrolls of fog
 L - 3 scrolls of summoning
 M - 2 scrolls of torment
 Q - 5 scrolls of enchant armour
 T - 24 scrolls of identify
Potions
 d - 3 potions of invisibility
 f - 5 potions of attraction
 h - a potion of berserk rage
 k - a potion of resistance
 m - 6 potions of curing
 n - 5 potions of heal wounds
 r - 15 potions of lignification
 z - 4 potions of mutation
 D - 7 potions of haste
 E - 2 potions of cancellation
 I - a potion of might
 J - a potion of experience
 O - 2 potions of enlightenment
Miscellaneous
 R - a phantom mirror


   Skills:
 + Level 20.4 Fighting
 - Level 26.0(27) Axes
 - Level 13.5(21.3) Maces & Flails
 - Level 20.0 Armour
 - Level 20.0 Dodging
 - Level 20.0 Shields


You had 21 spell levels left.
You didn't know any spells.
Your spell library contained the following spells:

 Spells                   Type           Power      Damage    Failure   Level
 Kiss of Death            Conj/Necr      0%         2d5       88%         1
 Magic Dart               Conj           0%         1d3       88%         1
 Shock                    Conj/Air       0%         1d3       88%         1
 Call Imp                 Summ           0%         N/A       96%         2
 Cigotuvi's Dreadful Rot  Necr/Pois/Air  0%         N/A       96%         2
 Ensorcelled Hibernation  Hex/Ice        0%         N/A       96%         2
 Jinxbite                 Hex            0%         N/A       96%         2
 Momentum Strike          Conj/Tloc      0%         3d8       96%         2
 Poisonous Vapours        Pois/Air       0%         N/A       96%         2
 Scorch                   Fire           0%         2d5       96%         2
 Static Discharge         Conj/Air       0%         3-3/arc   96%         2
 Call Canine Familiar     Summ           0%         N/A       99%         3
 Confusing Touch          Hex            0%         N/A       99%         3
 Dazzling Flash           Conj/Hex       0%         N/A       99%         3
 Frozen Ramparts          Ice            0%         1d1       99%         3
 Inner Flame              Hex/Fire       0%         N/A       99%         3
 Mephitic Cloud           Conj/Pois/Air  0%         N/A       99%         3
 Sigil of Binding         Hex            0%         N/A       99%         3
 Swiftness                Air            0%         N/A       99%         3
 Tukima's Dance           Hex            0%         N/A       99%         3
 Airstrike                Air            0%         2d(0-16)  100%        4
 Anguish                  Hex/Necr       0%         N/A       100%        4
 Animate Armour           Summ/Erth      0%         N/A       100%        4
 Cause Fear               Hex            0%         N/A       100%        4
 Dimensional Bullseye     Hex/Tloc       0%         N/A       100%        4
 Dispel Undead            Necr           0%         3d6       100%        4
 Flame Wave               Conj/Fire      0%         2d4       100%        4
 Fulminant Prism          Conj/Hex       0%         3d5       100%        4
 Leda's Liquefaction      Hex/Erth       0%         N/A       100%        4
 Manifold Assault         Tloc           0%         N/A       100%        4
 Passage of Golubria      Tloc           0%         N/A       100%        4
 Petrify                  Tmut/Erth      0%         N/A       100%        4
 Summon Lightning Spire   Summ/Air       0%         N/A       100%        4
 Vhi's Electric Charge    Tloc/Air       0%         N/A       100%        4
 Agony                    Necr           0%         N/A       100%        5
 Alistair's Intoxication  Tmut/Pois      0%         N/A       100%        5
 Arcjolt                  Conj/Air       0%         1d10      100%        5
 Borgnjor's Vile Clutch   Necr/Erth      0%         N/A       100%        5
 Fireball                 Conj/Fire      0%         3d3       100%        5
 Iskenderun's Battlesphe  Conj           0%         2d6       100%        5
 Lee's Rapid Deconstruct  Erth           0%         3d4*      100%        5
 Metabolic Englaciation   Hex/Ice        0%         N/A       100%        5
 Silence                  Hex/Air        0%         N/A       100%        5
 Yara's Violent Unravell  Hex/Tmut       0%         3d3       100%        5
 Bombard                  Conj/Erth      0%         9d1       100%        6
 Death Channel            Necr           0%         N/A       100%        6
 Eringya's Noxious Bog    Tmut/Pois      0%         4d6       100%        6
 Summon Cactus Giant      Summ           0%         N/A       100%        6
 Enfeeble                 Hex            0%         N/A       100%        7
 Malign Gateway           Summ/Tloc      0%         N/A       100%        7
 Spellforged Servitor     Conj/Summ      0%         N/A       100%        7
 Lehudib's Crystal Spear  Conj/Erth      0%         10d2      100%        8
 Maxwell's Capacitive Co  Air            0%         ∞         100%        8
 Dragon's Call            Summ           0%         N/A       100%        9


Dungeon Overview and Level Annotations

Branches:
Dungeon (15/15)            Temple (0/1) D:7            Lair (5/5) D:9
 Shoals (4/4) Lair:3        Snake (4/4) Lair:3        Slime (0/5) Lair:4
    Orc (2/2) D:11            Elf (3/3) Orc:2        Vaults (5/5) D:13
  Crypt (0/3) Vaults:3     Depths (1/4) D:15         Bailey (visited)

Altars:
Ashenzari
Elyvilon
Fedhas
Hepliaklqana
Kikubaaqudgha
Nemelex Xobeh
Ru
Trog
Vehumet
Wu Jian
Xom
Yredelemnul
Zin
The Shining One
Jiyva

Shops:
D:7 *   D:12 *   Orc:2 [:(*   Shoals:3 *   Snake:3 *   Snake:4 !   Vaults:2 (

Portals:
Hell: Depths:1

Annotations:
D:14 exclusions: 2 oklob plants and orange crystal statue
Shoals:1 3 runed translucent doors, dragonking145's ghost, journeyman FoFi
Elf:2 1 transporter
Depths:1 3 runed translucent doors, Skryme's ghost, adept TrDe


Innate Abilities, Weirdness & Mutations

You have a pair of horns on your head.
You reflexively headbutt those who attack you in melee.


Message History

The deep elf blademaster goes berserk!
Bmb222's ghost completely misses you.
You slice bmb222's ghost!! You burn bmb222's ghost.
You destroy bmb222's ghost!
Trog accepts your kill.
You barely miss the deep elf blademaster.
You block the deep elf blademaster's attack. x2
Your cyclops rages.
You block the deep elf blademaster's attack.
The deep elf blademaster completely misses you.
You hit the deep elf blademaster. You burn the deep elf blademaster.
The deep elf blademaster is severely wounded.
You completely miss the deep elf blademaster.
You block the deep elf blademaster's attack. x2
The deep elf blademaster completely misses you.
You block the deep elf blademaster's attack.
The deep elf blademaster hits you with a +2 rapier of flaming!!
* * * LOW HITPOINT WARNING * * *
The deep elf blademaster burns you.
* * * LOW HITPOINT WARNING * * *
The deep elf blademaster closely misses you.
The deep elf blademaster hits you with a +3 antimagic quick blade.
* * * LOW HITPOINT WARNING * * *
The deep elf blademaster completely misses you.
Your cyclops barely misses the deep elf blademaster.
You completely miss the deep elf blademaster.
You headbutt the deep elf blademaster, but do no damage.
The deep elf blademaster is severely wounded.
You completely miss the deep elf blademaster.
The deep elf blademaster hits you with a +2 antimagic rapier!!
* * * LOW HITPOINT WARNING * * *
You block the deep elf blademaster's attack. x2
The deep elf blademaster hits you with a +3 antimagic quick blade.
* * * LOW HITPOINT WARNING * * *
The deep elf blademaster misses you.
You block the deep elf blademaster's attack.
The deep elf blademaster hits you but does no damage.
The deep elf blademaster hits you with a +1 antimagic rapier!
* * * LOW HITPOINT WARNING * * *
The deep elf blademaster hits you with a +3 antimagic quick blade!
You die...

..#########'##...........#.#
.................#####.....##
...............###.ye###....#
..............##.....# ##...#
..#####'####..##..#.#####...##
..#..........######.#≈#.##...#
..#..........#.##≈.?=#...#...#
..#.........©#©.†#._:....#©..#
..#..........#(.@ee/?#...#..##
..#..........##.Ce.#≈##.##.##
).#...........#..y.###..#..#
..#...........##......###..#
..#...^........###...###..##
..###########....#####....#
.........................##
........................##
#########################


You could see 3 deep elf blademasters, a moth of wrath and a friendly cyclops
(summoned, berserk).

Levels and vault maps discovered:
D:1:      dpeg_arrival_stonehenge_8_columns, layout_basic, kennysheep_boxes
D:2:      layout_loops_ring, hellmonk_ecumenical_altar_defaced_shrine
D:3:      layout_loops_corners, xom_confusion_cloud, grunt_decor_junction,
          nrook_campfire
D:4:      layout_basic, nicolae_wu_jian_wuxing_cycle, fedhas_altar_2,
          overflow_temple_1_default, dreamdust_mushroom_princess
D:5:      layout_basic, uniq_eustachio
D:6:      layout_loops_cross, mainiacjoe_overflow_surrounded_room,
          elyvilon_altar_5
D:7:      layout_rooms, evilmike_ruin_ashenzari, kiku_gazebo_garden_becter,
          nemelex_dance_club_becter, bloody_trog,
          gammafunk_temple_overflow_pools, minmay_temple_entry_poolview,
          serial_shops, nicolae_shop_temple_entry_statues_fountains,
          minmay_misc_feat_chi
D:8:      layout_rooms, worldfamousw_hep_ancestral_shrine,
          hangedman_abyss_or_decor_lesser_grid, roderic_roman_lattice,
          uniq_jeremiah, uniq_pikel
D:9:      layout_roguey, due_lair_maze_entry_diamond, special_room
          [special_room_orc]
D:10:     layout_rooms, gammafunk_ghost_hydra_chop, enter_bailey_3, uniq_lodul
D:11:     layout_loops_ring, hiddenorc2_lemuel, uniq_harold
D:12:     minmay_evil_eye, layout_basic, nicolae_shop_overcharged_wands
D:13:     layout_layer_cave, grunt_vaults_entry_fortified,
          gauntlet_entry_generic
D:14:     regret_index_harrowing_hell_hive, layout_gridville, solitary_fountain,
          minivault_16, uniq_louise, uniq_agnes
D:15:     hangedman_depths_entry_try_elsewhere_first, layout_layer_cave,
          serial_park_fountain, skrybe_limestone_x
Lair:1:   layout_cave_pods, grunt_megastairs_3, lemuel_fruit_tree, uniq_sonja,
          uniq_amaemon
Lair:2:   layout_gridlike, chequers_serial_rivers_large_a, st_stairs_7
Lair:3:   layout_layer_cave, elwin_shoals_entry_rooms, dummy_snake_entry
Lair:4:   layout_regular_city, minmay_slime_entry_pillars,
          grunt_forest_small_clearings
Lair:5:   hangedman_lair_caniforms_friends, layout_cave_pods,
          ebering_ghost_inner_flame, minivault_19, minmay_hedge_maze,
          uniq_snorg, uniq_rupert
Shoals:1: cheibrodos_shoals_roost, layout_shoals, gammafunk_ghost_tricky_traps,
          nicolae_shoals_gull_way
Shoals:2: layout_shoals, nicolae_shoals_lost_giant_hut,
          nicolae_shoals_wave_tunnel
Shoals:3: layout_shoals, serial_shops, nicolae_shop_peninsula
Shoals:4: shoals_end_hellmonk_lost_city
Snake:1:  onia_ninara_swampy_vault, layout_onion,
          nicolae_snake_salamander_jacuzzi
Snake:2:  layout_layer_cave, nicolae_snake_guarding_the_ruins, uniq_donald,
          uniq_vashnia
Snake:3:  layout_gridlike, nicolae_shop_sticking_my_neck_out
Snake:4:  grunt_snake_rune_pools, layout_cave_town, serial_shops,
          nicolae_shop_crystal, nicolae_snake_dead_anacondas, uniq_aizul
Orc:1:    layout_diamond_mine, basic_altar, nicolae_orc_crystal_geode
Orc:2:    grunt_orc_gardens, layout_caves, grunt_orc_garden, grunt_orc_garden,
          grunt_orc_garden, grunt_orc_garden
Elf:1:    minmay_elf_arrival_plus, layout_geoelf_octagon, minivault_28,
          st_stairs_5
Elf:2:    elven_hall_of_blades_hangedman_alternative [nicolae_blade_bullseye],
          layout_onion_city, basic_altar, gammafunk_ghost_wrathful_warriors,
          nicolae_elf_shapeshifter_party
Elf:3:    minmay_elf_hall_quartered_circle, layout_gridlike,
          nicolae_elf_hall_of_bonks, minmay_shoptagon
Vaults:1: hellmonk_ghost_big_iron, dpeg_vaults_monster_box,
          nicolae_vaults_network_quincunx
          [nicolae_vaults_network_quincunx_subvault,
          nicolae_vaults_network_quincunx_subvault,
          nicolae_vaults_network_quincunx_subvault,
          nicolae_vaults_network_quincunx_subvault,
          nicolae_vaults_network_quincunx_subvault], v_misc_10,
          nicolae_vaults_shipping_containers_7, ontoclasm_vaults_bender,
          vaults_room_ringed_pool, ontoclasm_vaults_hangar,
          nicolae_vaults_trapezoid_lopsided_2, hangedman_vaults_capsules,
          vaults_dpeg_hooks, v_pattern_4, nicolae_vaults_diamond_1,
          nicolae_vaults_two_Ls, layout_vaults_big_cross
Vaults:2: grunt_tower_of_power, nicolae_vaults_network_quinsquares
          [nicolae_vaults_network_quincunx_subvault,
          nicolae_vaults_network_quincunx_subvault,
          nicolae_vaults_network_quincunx_subvault,
          nicolae_vaults_network_quincunx_subvault],
          nicolae_vaults_taking_the_gang_shopping, nicolae_vaults_tetromino_L_1,
          vaults_dpeg_emergency_exit, grunt_vaults_focal,
          nicolae_vaults_heart-shaped_vault, nicolae_vaults_asterisk,
          layout_vaults_quadrants
Vaults:3: gammafunk_ghost_mausoleum, hangedman_vaults_snaps,
          nicolae_vaults_shelves_hall, minmay_crypt_entry_nasty_monster,
          v_pattern_3, vaults_room_semicircle, v_alt_pattern_2,
          ontoclasm_vaults_ring_large, nicolae_vaults_trapezoid_lopsided_3,
          nicolae_vaults_doubleplus_tesselated, vaults_mumra_bighexcomb,
          vaults_mumra_minichess_inversion, nicolae_vaults_hexular_roomagon,
          vaults_room_grid, layout_vaults_maze, uniq_margery, uniq_frederick,
          uniq_zenata
Vaults:4: nicolae_vaults_twisting_passages, vaults_mumra_lcd, v_misc_10,
          nicolae_vaults_closet_pinwheel_3, nicolae_vaults_tangram_2,
          nicolae_vaults_mini_display_case, nicolae_vaults_theta,
          ontoclasm_vaults_fault, ontoclasm_vaults_shout, layout_vaults_big_room
Vaults:5: serial_shops
Depths:1: layout_big_octagon, grunt_metal_band, gammafunk_ghost_split,
          grunt_decor_mini_mirrors, zin_scriptorium, uniq_saint_roka,
          uniq_asterion

Notes
Turn   | Place    | Note
-------+----------+-------------------------------------------
     0 | D:1      | tbh1313 the Minotaur Berserker began the quest for the Orb.
     0 | D:1      | Reached XP level 1. HP: 19/19 MP: 0/0
   101 | D:1      | Reached skill level 4 in Axes
   206 | D:1      | Reached XP level 2. HP: 21/26 MP: 1/1
   915 | D:2      | Reached skill level 5 in Axes
   950 | D:2      | Reached ** piety under Trog
   987 | D:2      | Reached XP level 3. HP: 31/31 MP: 2/2
  1330 | D:2      | HP: 2/31 [orc/+0 war axe (4)]
  1518 | D:2      | Found a faded altar of an unknown god.
  1847 | D:3      | Reached skill level 6 in Axes
  1847 | D:3      | Reached XP level 4. HP: 24/39 MP: 3/3
  1860 | D:3      | HP: 3/39 [poisoned by an orc]
  1861 | D:3      | HP: 1/39 [poisoned by an orc]
  2250 | D:3      | Reached XP level 5. HP: 45/45 MP: 4/4
  2251 | D:3      | Found a shimmering altar of Xom.
  2256 | D:3      | Reached skill level 7 in Axes
  2982 | D:4      | Reached skill level 8 in Axes
  3342 | D:4      | Found a blossoming altar of Fedhas.
  3360 | D:4      | Found a radiant altar of Vehumet.
  3456 | D:4      | Reached XP level 6. HP: 28/51 MP: 5/5
  3742 | D:4      | Found an ornate altar of the Wu Jian Council.
  3980 | D:5      | Entered Level 5 of the Dungeon
  4030 | D:5      | Reached skill level 9 in Axes
  4154 | D:5      | Reached XP level 7. HP: 33/57 MP: 6/6
  4346 | D:5      | Reached skill level 10 in Axes
  4583 | D:5      | Reached skill level 11 in Axes
  4875 | D:5      | Noticed Eustachio
  4888 | D:5      | Killed Eustachio
  4889 | D:5      | Reached XP level 8. HP: 38/64 MP: 7/7
  5397 | D:6      | Reached skill level 12 in Axes
  5418 | D:6      | Reached skill level 13 in Axes
  5770 | D:6      | Found a basalt altar of Yredelemnul.
  5835 | D:6      | Reached skill level 14 in Axes
  5903 | D:6      | Reached XP level 9. HP: 59/73 MP: 8/8
  5986 | D:6      | Reached skill level 5 in Fighting
  6095 | D:6      | Reached *** piety under Trog
  6184 | D:6      | Found a white marble altar of Elyvilon.
  6412 | D:7      | Found an ancient bone altar of Kikubaaqudgha.
  6495 | D:7      | Found a staircase to the Ecumenical Temple.
  6515 | D:7      | Found a glowing golden altar of the Shining One.
  6515 | D:7      | Found a sacrificial altar of Ru.
  6551 | D:7      | Found a bloodstained altar of Trog.
  6609 | D:7      | Found Afymix's General Store.
  6626 | D:7      | Bought a scroll of identify for 26 gold pieces
  6768 | D:7      | Found a sparkling altar of Nemelex Xobeh.
  6880 | D:7      | Found a broken altar of Ashenzari.
  7229 | D:8      | Noticed Jeremiah
  7394 | D:8      | Noticed Pikel
  7398 | D:8      | Reached skill level 5 in Dodging
  7411 | D:8      | Killed Pikel
  7418 | D:8      | HP: 7/82 [centaur/arrow (5)]
  7653 | D:8      | Killed Jeremiah
  7654 | D:8      | Reached XP level 10. HP: 64/84 MP: 9/9
  7948 | D:8      | Found a hazy altar of Hepliaklqana.
  8042 | D:9      | Reached skill level 10 in Fighting
  8065 | D:9      | Reached **** piety under Trog
  8325 | D:9      | Reached skill level 5 in Armour
  8401 | D:9      | Found a staircase to the Lair.
  8760 | D:9      | Noticed a two-headed ogre
  8768 | D:9      | Killed a two-headed ogre
  9191 | D:10     | Entered Level 10 of the Dungeon
  9191 | D:10     | Noticed a 12-headed hydra
  9191 | D:10     | Noticed a nine-headed hydra
  9191 | D:10     | Found a runed translucent gate.
  9191 | D:10     | Found a runed translucent gate.
  9191 | D:10     | Found a runed translucent gate.
  9192 | D:10     | Noticed BigPumpCobain's ghost (novice TrSh)
  9618 | D:10     | Noticed Lodul
  9626 | D:10     | Reached skill level 10 in Dodging
  9626 | D:10     | Reached XP level 11. HP: 68/99 MP: 10/10
  9630 | D:10     | Killed Lodul
  9635 | D:10     | Found a flagged portal.
  9650 | Bailey   | Entered a bailey
 10834 | D:11     | Noticed a two-headed ogre
 10844 | D:11     | Killed a two-headed ogre
 11182 | D:11     | Noticed Harold
 11211 | D:11     | Killed Harold
 11215 | D:11     | HP: 7/104 [orc priest/divine providence (12)]
 11483 | D:11     | Reached skill level 1 in Maces & Flails
 11519 | D:11     | Reached ***** piety under Trog
 11524 | D:11     | Found a staircase to the Orcish Mines.
 11762 | D:11     | Found the +3 Elemental Staff {ele, rElec rF+ rC+ AC+3}
 12011 | D:12     | Found Ilock's Overcharged Wands.
 12045 | D:12     | Noticed a two-headed ogre
 12053 | D:12     | Killed a two-headed ogre
 12095 | D:12     | Reached skill level 5 in Maces & Flails
 12239 | D:12     | Noticed a two-headed ogre
 12248 | D:12     | Killed a two-headed ogre
 12791 | D:12     | Reached XP level 12. HP: 65/112 MP: 11/11
 12936 | D:12     | Noticed a two-headed ogre
 12946 | D:12     | Killed a two-headed ogre
 13186 | D:12     | Reached skill level 10 in Maces & Flails
 13374 | D:13     | Noticed a centaur warrior
 13384 | D:13     | HP: 16/168 [troll (shapeshifter) (10)]
 13386 | D:13     | Killed a centaur warrior
 13386 | D:13     | HP: 5/168 [troll (shapeshifter) (11)]
 13588 | D:13     | Noticed a boulder beetle
 13598 | D:13     | Killed a boulder beetle
 13796 | D:13     | Noticed a death knight
 13934 | Lair:1   | Entered Level 1 of the Lair of Beasts
 14794 | Lair:1   | Noticed Amaemon
 14795 | Lair:1   | Noticed Sonja
 14809 | Lair:1   | HP: 11/112 [Sonja/+1 dagger of distortion (3)]
 15236 | Lair:1   | Identified the +0 scale mail of Cidghu {Str+5}
 15398 | Lair:1   | Killed Sonja
 15613 | Lair:1   | Killed Amaemon
 16134 | Lair:2   | You fall into a shaft and drop 2 floors!
 16437 | Lair:4   | Identified the +8 long sword of Trog's Anger {heavy, rCorr
                  | Str+2}
 16481 | Lair:4   | Reached XP level 13. HP: 109/118 MP: 12/12
 16492 | Lair:4   | Reached skill level 10 in Armour
 18144 | Lair:3   | Reached skill level 15 in Fighting
 18354 | Lair:3   | Found a staircase to the Shoals.
 18689 | Lair:3   | Found a staircase to the Snake Pit.
 19544 | Lair:4   | Found a staircase to the Slime Pits.
 19544 | Lair:4   | Found a viscous altar of Jiyva.
 20091 | Lair:5   | Entered Level 5 of the Lair of Beasts
 20253 | Lair:5   | Noticed Snorg
 20263 | Lair:5   | Killed Snorg
 20502 | Lair:5   | Identified the +3 great mace "Diof Pic" {flame, rPois rC+
                  | Will+ Str+3} (Trog gifted it to you on level 5 of the Lair
                  | of Beasts)
 20502 | Lair:5   | Received a gift from Trog
 20642 | Lair:5   | Found a runed translucent door.
 20645 | Lair:5   | Noticed jejorda2's ghost (journeyman GnBe)
 20811 | Lair:5   | Reached XP level 14. HP: 109/137 MP: 13/13
 21174 | Lair:5   | Noticed Rupert
 21180 | Lair:5   | Killed Rupert
 21385 | Lair:5   | Received a gift from Trog
 21415 | Lair:5   | Reached skill level 15 in Armour
 21448 | Lair:5   | Identified the +8 falchion of Infection {flame, rElec rC+
                  | Int+6 Dex+3}
 21466 | Lair:5   | Identified the +1 plate armour of a bazaar {rC+ Regen+
                  | Dex+3}
 21632 | Lair:5   | Killed jejorda2's ghost
 21776 | D:10     | Killed BigPumpCobain's ghost
 21783 | D:10     | Identified the +6 broad axe of Chagrin {flame, rC+ rCorr
                  | Str-2 Dex+3}
 21786 | D:10     | Got the Textbook on Breezy Conflict
 21901 | Orc:1    | Entered Level 1 of the Orcish Mines
 22194 | Orc:2    | Entered Level 2 of the Orcish Mines
 22478 | Orc:1    | Received a gift from Trog
 22658 | Orc:2    | Found Ynaeqis's General Store.
 22765 | Orc:2    | Bought a scroll of brand weapon for 152 gold pieces
 22776 | Orc:2    | Found Zoseopn's Antique Weapon Shoppe.
 22776 | Orc:2    | Noticed an orc warlord
 22794 | Orc:2    | Killed an orc warlord
 22795 | Orc:2    | Reached skill level 15 in Axes
 22878 | Orc:2    | Found Ishir's Antique Armour Shop.
 23071 | Orc:2    | Found Plog's Book Shop.
 23074 | Orc:2    | Noticed an orc warlord
 23096 | Orc:2    | Killed an orc warlord
 23151 | Orc:2    | Found a staircase to the Elven Halls.
 23417 | Snake:1  | Entered Level 1 of the Snake Pit
 23431 | Snake:1  | Reached skill level 16 in Axes
 23538 | Snake:1  | Received a gift from Trog
 23542 | Snake:1  | Reached XP level 15. HP: 105/144 MP: 11/14
 23667 | Snake:1  | Noticed a tentacled monstrosity
 23683 | Snake:1  | Killed a tentacled monstrosity
 23703 | Snake:1  | Reached ****** piety under Trog
 23746 | Snake:1  | Noticed a tentacled monstrosity
 23758 | Snake:1  | Killed a tentacled monstrosity
 24668 | Shoals:1 | Entered Level 1 of the Shoals
 24847 | D:13     | Received a gift from Trog
 26063 | D:13     | Reached skill level 1 in Shields
 26092 | D:13     | Found a gate to the Vaults.
 26365 | D:14     | Noticed Louise
 26371 | D:14     | Reached skill level 5 in Shields
 26380 | Abyss:2  | Cast into level 2 of the Abyss (Louise)
 26406 | Abyss:3  | Found a corrupted altar of Lugonu.
 26484 | Abyss:3  | Found a corrupted altar of Lugonu.
 26490 | Abyss:3  | Found a corrupted altar of Lugonu.
 26492 | Abyss:3  | Noticed an Executioner
 26494 | Abyss:3  | Noticed a Hell Sentinel
 26505 | Abyss:3  | Killed an Executioner
 26516 | Abyss:3  | Killed a Hell Sentinel
 26528 | Abyss:3  | Reached XP level 16. HP: 18/151 MP: 1/15
 26534 | Abyss:3  | HP: 8/151 [green very ugly thing (13)]
 26539 | D:14     | Escaped the Abyss
 26551 | D:14     | Killed Louise
 26684 | D:14     | Identified the +10 dagger "Rafuats" {protect, rCorr Dex+3}
 26746 | D:14     | Noticed Agnes
 26760 | D:14     | HP: 15/151 [Agnes/+2 lajatang of electrocution (22)]
 26879 | D:14     | Killed Agnes
 27059 | D:14     | Received a gift from Trog
 27060 | D:14     | Reached skill level 10 in Shields
 27063 | D:14     | Paralysed by a hornet for 3 turns
 28117 | D:15     | Entered Level 15 of the Dungeon
 28308 | D:15     | Identified the +4 leather armour "Gilasob" {rPois Will+
                  | Dex-3}
 28495 | D:15     | Got the Almanac of Wildfire and Translocation
 29031 | D:15     | Found a staircase to the Depths.
 29937 | Snake:2  | Noticed Vashnia
 29951 | Snake:2  | Reached skill level 15 in Shields
 29961 | Snake:2  | Killed Vashnia
 30320 | Snake:2  | Noticed Donald
 30329 | Snake:2  | Killed Donald
 30330 | Snake:2  | Reached XP level 17. HP: 158/158 MP: 16/16
 31201 | Snake:3  | Found Biekomef's Neck Hole.
 31213 | Snake:3  | Bought an amulet of reflection for 540 gold pieces
 31554 | Snake:3  | Identified the +6 flail of Subterfuge {antimagic, *Rage
                  | rPois Str+3 Int+5}
 31769 | Snake:4  | Entered Level 4 of the Snake Pit
 31885 | Snake:4  | Received a gift from Trog
 32000 | Snake:4  | Identified the serpent talisman of the Thirteen Brambles
                  | {Int+2}
 32000 | Snake:4  | Noticed Aizul
 32012 | Snake:4  | Killed Aizul
 32165 | Snake:4  | Reached skill level 15 in Dodging
 32599 | Snake:4  | Got a serpentine rune of Zot
 32770 | Snake:4  | Found Atyv's Distillery.
 33386 | Shoals:1 | Reached skill level 17 in Axes
 33399 | Shoals:1 | Found a runed translucent gate.
 33399 | Shoals:1 | Found a runed translucent gate.
 33400 | Shoals:1 | Found a runed translucent gate.
 33401 | Shoals:1 | Noticed dragonking145's ghost (journeyman FoFi)
 33417 | Shoals:1 | Noticed a kraken
 33429 | Shoals:1 | Killed a kraken
 33844 | Shoals:1 | Received a gift from Trog
 34065 | Shoals:2 | Reached skill level 18 in Axes
 34084 | Shoals:2 | Reached XP level 18. HP: 166/166 MP: 17/17
 34412 | Shoals:2 | Received a gift from Trog
 35130 | Shoals:3 | Found Afio's Assorted Antiques.
 35454 | Shoals:4 | Entered Level 4 of the Shoals
 35547 | Shoals:4 | Identified the +1 broad axe "Cone" {flame, rC+ Dex+4 SInv}
                  | (Trog gifted it to you on level 4 of the Shoals)
 35547 | Shoals:4 | Received a gift from Trog
 35763 | Shoals:4 | Got a barnacled rune of Zot
 35808 | Shoals:4 | Identified the ring "Xieshua" {AC+4 Str+4 Dex+6}
 35826 | Shoals:4 | Received a gift from Trog
 35955 | Shoals:4 | Reached skill level 20 in Fighting
 36008 | Shoals:4 | Got Spellweaving and You
 36471 | Depths:1 | Entered Level 1 of the Depths
 36478 | Depths:1 | Noticed Saint Roka
 36507 | D:15     | Killed Saint Roka
 36563 | Depths:1 | Reached XP level 19. HP: 185/185 MP: 18/18
 36586 | Depths:1 | Found a runed translucent gate.
 36586 | Depths:1 | Found a runed translucent gate.
 36587 | Depths:1 | Found a runed translucent gate.
 36589 | Depths:1 | Noticed Skryme's ghost (adept TrDe)
 36590 | Depths:1 | Noticed a juggernaut
 36686 | Depths:1 | Noticed Asterion
 36695 | Depths:1 | Killed Asterion
 36830 | Depths:1 | Found a gateway to Hell.
 36843 | Depths:1 | Received a gift from Trog
 37011 | Depths:1 | Found a glowing silver altar of Zin.
 37286 | Vaults:1 | Entered Level 1 of the Vaults
 37451 | Vaults:1 | Paralysed by a sphinx for 3 turns
 37618 | Vaults:1 | Received a gift from Trog
 37644 | Vaults:1 | Reached skill level 20 in Armour
 37876 | Vaults:1 | Found a runed translucent door.
 37880 | Vaults:1 | Noticed Antoec's ghost (adept VSBr)
 37972 | Vaults:1 | Killed Antoec's ghost
 38778 | Vaults:2 | Received a gift from Trog
 39180 | Vaults:2 | Reached skill level 20 in Shields
 39314 | Vaults:2 | Identified the +1 robe "Murees" {Rampage rF+ Str-4 Dex+8}
 39323 | Vaults:2 | Found a radiant altar of Vehumet.
 39324 | Vaults:2 | Found the +4 robe of Augmentation {Str+4 Int+4 Dex+4}
 39330 | Vaults:2 | Reached XP level 20. HP: 192/193 MP: 19/19
 39337 | Vaults:2 | Identified the -1 hat of Fortification {Harm Will- Dex+3
                  | SInv}
 39377 | Vaults:2 | Found the +4 robe of Folly {Brill Will-∞ Int+8}
 39387 | Vaults:2 | Identified the +2 robe of Space {Rampage rPois Will-}
 39421 | Vaults:2 | Found Duac's Weapon Shop.
 39957 | Vaults:3 | Received a gift from Trog
 40017 | Vaults:3 | Noticed Zenata
 40031 | Vaults:3 | Killed Zenata
 40115 | Vaults:3 | Noticed a bone dragon
 40117 | Vaults:3 | Found a staircase to the Crypt.
 40137 | Vaults:3 | Killed a bone dragon
 40194 | Vaults:3 | Paralysed by a formless jellyfish for 1 turns
 40278 | Vaults:3 | Noticed Frederick
 40291 | Vaults:3 | Killed Frederick
 40342 | Vaults:3 | Paralysed by a sphinx for 5 turns
 40368 | Vaults:3 | Found a transporter.
 40368 | Vaults:3 | Noticed Asumeq's ghost (veteran GrFi)
 40388 | Vaults:3 | Found a transporter.
 40434 | Vaults:3 | Noticed Margery
 40468 | Vaults:3 | Killed Margery
 40684 | Vaults:3 | Received a gift from Trog
 41317 | Vaults:3 | Reached skill level 20 in Dodging
 41341 | Vaults:3 | Killed Asumeq's ghost
 41529 | Vaults:4 | Identified the ring "Ekofeenu" {Drain rN++ EV+5 Str+3}
 41688 | Vaults:4 | Reached skill level 19 in Axes
 41778 | Vaults:4 | Identified a scroll of acquirement
 41814 | Vaults:4 | Acquired a manual of Maces & Flails
 41830 | Vaults:4 | Received a gift from Trog
 41831 | Vaults:4 | Reached XP level 21. HP: 201/201 MP: 20/20
 42022 | Vaults:4 | Identified the +0 pair of boots "Cynwen" {rPois}
 42186 | Vaults:4 | Reached skill level 20 in Axes
 42624 | Vaults:5 | Entered Level 5 of the Vaults
 42642 | Vaults:5 | Reached skill level 21 in Axes
 42658 | Vaults:5 | Received a gift from Trog
 42708 | Vaults:5 | Reached skill level 22 in Axes
 42814 | Vaults:5 | Noticed a golden dragon
 42819 | Vaults:5 | Noticed a golden dragon
 42821 | Vaults:5 | Noticed an ancient lich
 42821 | Vaults:5 | Noticed a golden dragon
 42821 | Vaults:5 | Identified the +6 quarterstaff of Copozis {protect, rF+}
 42860 | Vaults:4 | Received a gift from Trog
 42888 | Vaults:5 | HP: 17/201 [golden dragon (12)]
 42978 | Vaults:5 | Reached skill level 23 in Axes
 43003 | Vaults:5 | Killed a golden dragon
 43270 | Vaults:5 | Identified the +4 long sword "Ogreslayer" {flame, rF+}
 43404 | Vaults:5 | Identified the +3 hand axe "Duum Koluss" {antimagic, rC+}
 43579 | Vaults:5 | Killed an ancient lich
 43580 | Vaults:5 | Reached skill level 24 in Axes
 43580 | Vaults:5 | Reached XP level 22. HP: 140/209 MP: 21/21
 43653 | Vaults:5 | Killed a golden dragon
 43718 | Vaults:5 | Found the +3 pair of mountain boots {steadfast, rC+}
 43740 | Vaults:5 | Acquired 671 gold pieces
 43743 | Vaults:5 | Identified the +4 shortbow of the Iron City of Dis
                  | {antimagic, Int+3}
 43932 | Vaults:5 | Got a silver rune of Zot
 44147 | Vaults:5 | Killed a golden dragon
 44577 | Elf:1    | Entered Level 1 of the Elven Halls
 44594 | Elf:1    | Received a gift from Trog
 44692 | Elf:1    | Reached skill level 25 in Axes
 44876 | Elf:1    | Received a gift from Trog
 45396 | Elf:2    | Found a huge runed translucent gate.
 45396 | Elf:2    | Found a huge runed translucent gate.
 45396 | Elf:2    | Found a huge runed translucent gate.
 45396 | Elf:2    | Found a huge runed translucent gate.
 45396 | Elf:2    | Found a huge runed translucent gate.
 45473 | Elf:2    | Found an ancient bone altar of Kikubaaqudgha.
 45580 | Elf:2    | Found a transporter.
 45590 | Elf:2    | Found a transporter.
 45598 | Elf:2    | Noticed bmb222's ghost (adept OpSh)
 45601 | Elf:2    | Found a bloodstained altar of Trog.
 46023 | Elf:2    | Received a gift from Trog
 46189 | Elf:2    | Reached skill level 26 in Axes
 46511 | Elf:3    | Entered Level 3 of the Elven Halls
 46560 | Elf:2    | Killed bmb222's ghost
 46562 | Elf:2    | HP: 12/211 [deep elf blademaster/+1 antimagic rapier (15)]
 46562 | Elf:2    | Slain by a deep elf blademaster

Table legend: (Time is in decaauts)
 A = Elapsed time spent in this place.
 B = Non-inter-level travel time spent in this place.
 C = Inter-level travel time spent in this place.
 D = Time resting spent in this place.
 E = Time spent auto-exploring this place.
 F = Levels seen in this place.
 G = Mean time per level.
                   A        B        C        D        E       F      G
               +--------+--------+--------+--------+--------+-----+--------+
         Total |  45950 |  42810 |   3140 |   8969 |  25593 |  42 | 1094.0 |
       Dungeon |  18332 |  17059 |   1273 |   4370 |  10257 |  15 | 1222.1 |
          Lair |   8174 |   7564 |    610 |   2547 |   3992 |   5 | 1634.8 |
        Shoals |   3024 |   2872 |    152 |    157 |   1663 |   4 |  756.0 |
     Snake Pit |   4754 |   4445 |    309 |    742 |   2758 |   4 | 1188.5 |
  Orcish Mines |   1464 |   1240 |    224 |    165 |    834 |   2 |  732.0 |
   Elven Halls |   1911 |   1792 |    119 |     80 |   1277 |   3 |  637.0 |
        Vaults |   6870 |   6429 |    441 |    522 |   4187 |   5 | 1374.0 |
        Depths |    613 |    605 |      8 |     32 |    367 |   1 |  613.0 |
         Abyss |    154 |    154 |      0 |     31 |     18 |   2 |   77.0 |
        Bailey |    649 |    649 |      0 |    320 |    238 |   1 |  649.0 |
               +--------+--------+--------+--------+--------+-----+--------+

Top non-repeatable levels by time:
  Lair:1: 2284 daAuts
    D:13: 2163 daAuts
  Lair:3: 1692 daAuts
    D:14: 1566 daAuts
Vaults:3: 1554 daAuts
    D:11: 1534 daAuts
  Lair:4: 1509 daAuts
  Lair:5: 1502 daAuts
Vaults:1: 1461 daAuts
Vaults:5: 1429 daAuts
     D:5: 1374 daAuts
    D:15: 1362 daAuts
 Snake:4: 1361 daAuts
     D:9: 1300 daAuts
   Elf:2: 1289 daAuts

Table legend:
 A = Kills in this place as a percentage of kills in the entire game.
 B = Kills by you in this place as a percentage of kills by you in the entire game.
 C = Kills by friends in this place as a percentage of kills by friends in the entire game.
 D = Other kills in this place as a percentage of other kills in the entire game.
 E = Experience gained in this place as a percentage of experience gained in the entire game.
 F = Experience gained in this place divided by the number of levels of this place that you have seen.
                   A       B       C       D       E      F
               +-------+-------+-------+-------+-------+----------------------
         Total | 100.0 | 100.0 | 100.0 | 100.0 | 100.0 | 18752.7
       Dungeon |  26.6 |  26.9 |   0.0 |   0.0 |  11.5 | 6052.5
          Lair |  11.7 |  11.6 |  25.0 |   0.0 |   7.0 | 10966.8
        Shoals |  10.0 |  10.1 |   0.0 |  28.6 |  11.6 | 22763.0
     Snake Pit |  10.4 |  10.1 |  31.2 |  42.9 |  13.2 | 25971.2
  Orcish Mines |   6.2 |   6.3 |   0.0 |   0.0 |   1.9 | 7677.0
   Elven Halls |   6.0 |   6.1 |   0.0 |  14.3 |   7.9 | 20665.7
        Vaults |  23.6 |  23.7 |  18.8 |  14.3 |  41.1 | 64757.0
        Depths |   3.4 |   3.4 |   0.0 |   0.0 |   4.5 | 35491.0
         Abyss |   0.8 |   0.6 |  25.0 |   0.0 |   1.3 | 5061.0
        Bailey |   1.3 |   1.3 |   0.0 |   0.0 |   0.0 | 304.0
               +-------+-------+-------+-------+-------+----------------------

Action                     |  1- 3 |  4- 6 |  7- 9 | 10-12 | 13-15 | 16-18 | 19-21 | 22-24 || total
---------------------------+-------+-------+-------+-------+-------+-------+-------+-------++-------
  Melee: Hand axe          |    76 |    87 |   265 |   581 |   140 |       |       |       ||  1149
         Headbutt          |     5 |    12 |    52 |   172 |   281 |   362 |   398 |    86 ||  1368
         Punch             |     1 |       |     3 |    10 |    12 |       |       |       ||    26
         Morningstar       |       |       |       |    78 |   362 |       |       |       ||   440
         Broad axe         |       |       |       |       |   477 |  1340 |  1244 |   337 ||  3398
         Great mace        |       |       |       |       |    19 |       |       |       ||    19
 Invoke: Berserk           |     2 |     3 |     3 |    14 |    13 |     5 |     2 |       ||    42
         Trog's Hand       |       |       |       |     3 |     4 |     9 |     7 |     1 ||    24
         Brothers in Arms  |       |       |       |     1 |     4 |     5 |     2 |     1 ||    13
  Evoke: Wand              |       |       |       |       |       |     4 |       |       ||     4
    Use: Scroll            |       |    12 |     5 |     6 |     6 |     7 |     5 |     3 ||    44
         Potion            |       |     2 |     3 |     3 |     7 |     6 |     8 |       ||    29
   Stab: Sleeping          |     1 |       |       |       |       |       |       |       ||     1
         Petrified         |       |       |       |       |     9 |       |       |       ||     9
         Distracted        |       |       |       |       |       |     4 |       |       ||     4
 Armour: Animal skin       |    37 |    51 |    17 |       |       |       |       |       ||   105
         Chain mail        |       |       |   114 |   457 |   164 |       |       |       ||   735
         Leather armour    |       |       |    14 |       |       |       |       |       ||    14
         Troll leather arm |       |       |       |       |   223 |       |       |       ||   223
         Plate armour      |       |       |       |       |   524 |   609 |   460 |   120 ||  1713
  Dodge: Dodged            |    45 |    46 |    78 |   339 |   679 |   537 |   575 |   164 ||  2463
  Block: Buckler           |       |       |       |       |    28 |    13 |       |       ||    41
         Tower shield      |       |       |       |       |       |   296 |       |       ||   296
         Kite shield       |       |       |       |       |       |  1165 |  1193 |   336 ||  2694
         Reflection        |       |       |       |       |       |   110 |    71 |    48 ||   229

Vanquished Creatures
  An ancient lich (Vaults:5)
  Frederick (Vaults:3)
  Saint Roka (D:15)
  Margery (Vaults:3)
  Vashnia (Snake:2)
  3 golden dragons (Vaults:5)
  A bone dragon (Vaults:3)
  The ghost of Asumeq the Hoplite, a veteran GrFi of Qazlal (Vaults:3)
  Zenata (Vaults:3)
  6 tentacled monstrosities
  A Hell Sentinel (Abyss:3)
  A quicksilver dragon (Vaults:5)
  Asterion (Depths:1)
  2 titans (Vaults:5)
  3 liches
  A sphinx (shapeshifter) (Vaults:5)
  A kraken (Shoals:1)
  7 sphinxes
  An ancient champion (Vaults:1)
  Agnes (D:14)
  An Executioner (Abyss:3)
  The ghost of Antoec the Unseen, an adept VSBr of Sif Muna (Vaults:1)
  Aizul (Snake:4)
  A storm dragon (Vaults:5)
  The ghost of bmb222 the Metamorph, an adept OpSh of Jiyva (Elf:2)
  Donald (Snake:2)
  7 shadow dragons
  6 tengu reavers
  7 nagarajas (Snake:4)
  An emperor scorpion (D:15)
  A fire giant (Depths:1)
  Louise (D:14)
  4 frost giants
  An iron dragon (Vaults:4)
  21 vault wardens
  A deep elf sorcerer (Elf:1)
  22 ironbound preservers
  A formless jellyfish (Vaults:3)
  10 very ugly things
  2 orc warlords (Orc:2)
  The ghost of jejorda2 the Cleaver, a journeyman GnBe of Trog (Lair:5)
  A war gargoyle (Vaults:5)
  7 ironbound thunderhulks
  8 stone giants
  A minotaur (Shoals:4)
  A deep elf demonologist (Vaults:5)
  3 dire elephants
  Snorg (Lair:5)
  2 deep elf death magi
  9 ettins
  A merfolk javelineer (Shoals:4)
  4 merfolk impalers
  14 yaktaur captains
  2 entropy weavers
  Harold (D:11)
  8 great orbs of eyes
  A great orb of eyes (shapeshifter) (D:14)
  12 hydras
  32 vault guards
  2 deep elf high priests (Vaults:5)
  The ghost of BigPumpCobain the Grappler, a novice TrSh of Qazlal (D:10)
  7 ironbound frosthearts
  20 centaur warriors
  14 satyrs (Shoals:4)
  4 alligators (Snake:1)
  8 anacondas
  2 merfolk aquamancers
  A death knight (D:13)
  2 catoblepae
  A merfolk avatar (Shoals:1)
  3 alligator snapping turtles
  8 two-headed ogres
  8 boulder beetles
  28 dancing weapons
  2 orc high priests (Orc:2)
  A tengu warrior (Depths:1)
  8 naga warriors
  2 deep troll earth magi
  5 death yaks (Lair:2)
  2 deep troll shamans
  2 spriggan berserkers (Depths:1)
  9 shock serpents
  A thrashing horror (Abyss:3)
  11 naga sharpshooters
  10 deep elf knights
  11 hell knights
  A fire crab (shapeshifter) (Vaults:5)
  Sonja (Lair:1)
  A skyshark (shapeshifter) (Elf:2)
  10 skysharks
  An iron troll (Depths:1)
  A fire crab (Lair:4)
  Amaemon (Lair:1)
  Lodul (D:10)
  A sixfirhy (Abyss:3)
  6 skeletal warriors
  2 spectral anacondas (Snake:4)
  2 salamander mystics
  11 sea snakes
  6 arcanists
  A glowing orange brain (Depths:1)
  30 deep trolls
  2 shadow wraiths (Vaults:3)
  4 flayed ghosts
  3 naga ritualists
  An anaconda skeleton (Snake:4)
  Pikel (D:8)
  21 deep elf pyromancers
  5 deep elf archers
  15 lindwurms
  4 swamp dragons (Snake:1)
  23 harpies
  5 anaconda zombies (Snake:4)
  6 phantasmal warriors
  17 deep elf zephyrmancers
  5 necromancers
  15 ironbound convokers
  8 orc knights
  A human zombie (Vaults:2)
  5 mana vipers
  A wolf spider (Lair:5)
  15 salamanders
  28 ugly things
  17 manticores
  5 orc sorcerers
  17 fauns
  2 moths of wrath (Elf:2)
  A large abomination (Abyss:3)
  21 vault sentinels
  4 cyclopes
  A guardian serpent (Snake:4)
  13 merfolk sirens
  25 black mambas
  12 elephants
  7 naga magi
  4 water nymphs
  2 smoke demons (Abyss:3)
  An orange demon (Lair:1)
  3 gargoyles
  7 cane toads
  Jeremiah (D:8)
  3 unseen horrors
  2 rime drakes (Lair:1)
  10 komodo dragons
  6 tengu conjurers
  4 freezing wraiths
  31 yaktaurs
  3 anaconda simulacra (Snake:4)
  6 trolls
  A troll (shapeshifter) (D:13)
  25 merfolk
  A queen bee (D:14)
  A meliai (shapeshifter) (Elf:2)
  3 meliai (D:14)
  2 tyrant leeches (Snake:1)
  3 hornets
  A hornet (shapeshifter) (Elf:2)
  6 wind drakes
  2 glass eyes (Depths:1)
  8 polar bears (Lair:5)
  4 raiju (Lair:5)
  A spectral human (Vaults:3)
  13 dream sheep
  9 blink frogs
  37 slime creatures
  8 snapping turtles
  2 air elementals (Elf:1)
  A centaur simulacrum (D:15)
  2 spriggans (Depths:1)
  3 wraiths
  33 yaks
  4 wyverns
  8 water elementals
  A ynoxinul (Abyss:3)
  7 fire elementals
  A basilisk (shapeshifter) (Vaults:5)
  A culicivora (shapeshifter) (D:14)
  Eustachio (D:5)
  6 basilisks
  A human (D:13)
  19 vampire mosquitoes
  2 redbacks (Vaults:2)
  3 swamp worms (Snake:1)
  13 wargs
  32 nagas
  An acid dragon (shapeshifter) (Elf:1)
  A swamp worm (shapeshifter) (Vaults:4)
  2 acid dragons
  A glowing shapeshifter zombie (Vaults:2)
  12 hell hounds (Lair:5)
  18 water moccasins
  A black bear (shapeshifter) (Vaults:5)
  41 orc warriors
  14 black bears
  5 ice beasts
  An elf simulacrum (Vaults:2)
  3 sky beasts
  3 boggarts (Vaults:3)
  21 wolves
  19 ogres
  10 centaurs
  2 lemures (D:8)
  A kobold brigand (D:9)
  21 bullfrogs
  2 earth elementals (Elf:1)
  3 scorpions
  10 wights (D:8)
  33 killer bees
  2 howler monkeys
  A human simulacrum (Vaults:2)
  3 jellies
  19 orc priests
  4 hounds
  2 iguanas
  3 sleepcaps
  20 orc wizards
  14 gnolls
  4 adders
  4 ufetubi (D:7)
  A worm (D:2)
  128 orcs
  7 bats
  7 endoplasms
  4 giant cockroaches
  7 hobgoblins
  3 jackals (D:3)
  6 quokkas
  8 ball pythons
  2 frilled lizards (D:2)
  7 goblins
  5 kobolds
  3 rats
  A lurking horror (Abyss:3)
  3 spectral weapons
  4 tentacles (Shoals:1)
1640 creatures vanquished.

Vanquished Creatures (collateral kills)
  Rupert (Lair:5)
  A tengu reaver (Vaults:5)
  2 very ugly things (Abyss:3)
  2 yaktaur captains (Vaults:5)
  2 anacondas
  A naga warrior (Snake:4)
  A sea snake (Snake:4)
  An ugly thing (Abyss:3)
  A polar bear (Lair:5)
  A wyvern (Lair:1)
  A naga (Snake:4)
  A hell hound (Lair:5)
  An ufetubus (Abyss:3)
16 creatures vanquished.

Vanquished Creatures (others)
  A storm dragon (Vaults:5)
  A nagaraja (Snake:4)
  A satyr (Shoals:4)
  A naga sharpshooter (Snake:4)
  A deep elf knight (Elf:2)
  A deep elf zephyrmancer (Elf:1)
  A manticore (Shoals:2)
  A guardian serpent (Snake:4)
  A bat (D:3)
  A kobold (D:3)
  4 foxfires (Abyss:3)
  4 tentacles (Shoals:1)
18 creatures vanquished.

Grand Total: 1674 creatures vanquished
